 Dungeon Crawl Stone Soup version 0.29-a0-1016-g236c7fd91e (webtiles) character file.

Game seed: 2388744950883591503

16 flotson the Conjurer (level 2, -1/20 HPs)
             Began as a Demonspawn Conjurer on Aug 9, 2022.
             Slain by a quokka (3 damage)
             ... on level 2 of the Dungeon.
             The game lasted 00:03:13 (1333 turns).

flotson the Conjurer (Demonspawn Conjurer)          Turns: 1333, Time: 00:03:14

Health: -1/20      AC:  2    Str:  7    XL:     2   Next: 41%
Magic:  1/5        EV: 12    Int: 19    God:
Gold:   32         SH:  4    Dex: 11    Spells: 2/5 levels left

rFire   . . .      SeeInvis .   a - +0 short sword
rCold   . . .      Faith    .   (no shield)
rNeg    . . .      Spirit   .   d - +0 robe
rPois   .          Reflect  .   (no helmet)
rElec   .          Harm     .   (no cloak)
rCorr   .          Rampage  .   (no gloves)
Will    .....                   (no boots)
Stlth   ++........              (no amulet)
HPRegen 0.06/turn               (no ring)
MPRegen 0.09/turn               (no ring)

@: no status effects
A: condensation shield
a: no special abilities


You were on level 2 of the Dungeon.
You visited 1 branch of the dungeon, and saw 2 of its levels.

You collected 32 gold pieces.

Inventory:

Hand Weapons
 a - a +0 short sword (weapon)
Missiles
 g - 6 silver boomerangs
Armour
 d - a +0 robe (worn)
Scrolls
 c - a scroll of fear {unknown}
 e - a scroll of identify {unknown}
 h - a scroll of magic mapping {unknown}
 i - a scroll of fog {unknown}
Potions
 b - a potion of magic
 f - a potion of curing {unknown}


   Skills:
 + Level 0.5 Fighting
 + Level 0.0 Throwing
 + Level 0.3 Armour
 + Level 2.0 Dodging
 - Level 2.0 Stealth
 + Level 2.2 Spellcasting
 + Level 4.1 Conjurations


You had 2 spell levels left.
You knew the following spells:

 Your Spells              Type           Power      Damage    Failure   Level
a - Magic Dart            Conj           68%        1d6       3%          1
b - Searing Ray           Conj           34%        2d5       4%          2

Your spell library contained the following spells:

 Spells                   Type           Power      Damage    Failure   Level
 Dazzling Flash           Conj/Hex       18%        N/A       22%         3
 Fulminant Prism          Conj/Hex       4%         3d6       56%         4
 Iskenderun's Mystic Bla  Conj/Tloc      9%         2d4       56%         4


Dungeon Overview and Level Annotations

Branches:
Dungeon (2/15)

Altars:


Innate Abilities, Weirdness & Mutations

A meltable shield of frost defends you. (SH +4)


Message History

* * * LOW HITPOINT WARNING * * *
Casting: Searing Ray (safe; 4% risk of failure)
Confirm with . or Enter, or press ? or * to list all spells.
Okay, then.
The quokka attacks as you move away! You block the quokka's attack.
The quokka closely misses you.
There is a stone staircase leading down here.
You block the quokka's attack.
You climb downwards.
Found a scroll labelled TUTIEF KETAEH and a throwing net.
There is a stone staircase leading up here.
The quokka bites you but does no damage.
The quokka attacks as you move away! You block the quokka's attack.
The quokka bites you.
* * * LOW HITPOINT WARNING * * *
Your magical contamination has completely faded away.
The quokka attacks as you move away! The quokka closely misses you.
The quokka attacks as you move away! The quokka barely misses you.
A kobold comes into view. It is wielding a +0 club.
Found 13 gold pieces.
The kobold shouts!
The kobold throws a stone.
The stone closely misses you. The quokka attacks as you move away!
The quokka closely misses you.
A hobgoblin comes into view.
The quokka completely misses you.
Found 18 gold pieces.
The quokka attacks as you move away! The quokka misses you.
The quokka bites you.
* * * LOW HITPOINT WARNING * * *
Found 5 stones.
The quokka twitches its whiskers.
Casting: Searing Ray (safe; 4% risk of failure)
Confirm with . or Enter, or press ? or * to list all spells.
Aiming: Magic Dart (safe; 3% risk of failure)
Press: ? - help, Shift-Dir - straight line, f - quokka
Aim: a quokka (100% to hit)
The magic dart hits the quokka.
The quokka is moderately wounded.
The quokka bites you.
You die...

### #@######+#
.#.###r##.....##
#(..............#
###...........#.#####
#.###....#K......g. #
#.#........###
#.#....#...#
#.$..###...## ###.##
#....#


You could see a quokka.

Vanquished Creatures
  A dart slug (D:1)
  A ball python (D:1)
  An endoplasm (D:1)
  A hobgoblin (D:1)
  A kobold (D:1)
  2 quokkas (D:1)
  A bat (D:1)
  2 frilled lizards (D:1)
  5 rats (D:1)
15 creatures vanquished.

Vanquished Creatures (others)
  A fungus (D:1)
1 creature vanquished.

Grand Total: 16 creatures vanquished

Notes
Turn   | Place    | Note
-------+----------+-------------------------------------------
     0 | D:1      | flotson the Demonspawn Conjurer began the quest for the
                  | Orb.
     0 | D:1      | Reached XP level 1. HP: 13/13 MP: 3/3
   888 | D:1      | Gained mutation: A meltable shield of frost defends you.
                  | (SH +4) [demonic ancestry]
   888 | D:1      | Reached XP level 2. HP: 8/20 MP: 0/5
  1099 | D:1      | Learned a level 2 spell: Searing Ray
  1128 | D:1      | Found a faded altar of an unknown god.
  1333 | D:2      | Slain by a quokka

Illustrated notes

Levels and vault maps discovered:
D:1:      dpeg_arrival_shrine, layout_loops_ring,
          shapermc_ecumenical_altar_ellora, nicolae_eternal_life,
          minmay_indecisive_spiral
D:2:      layout_basic, basic_altar

Skill      XL: |  1  2 |
---------------+-------+-----
Stealth        | 2 |  2.0
Dodging        | 2 |  2.0
Fighting       | |  0.5
Armour         | |  0.3
Spellcasting   | |  2.2
Conjurations   | |  4.1

Action                   || total
-------------------------++-------
Melee: Short sword       ||    21
       Unarmed           ||     4
 Cast: Magic Dart        ||    25
       Searing Ray       ||     2
 Stab: Sleeping          ||     2
Armor: Robe              ||     9
Dodge: Dodged            ||    35
Block: Other             ||     7

Table legend: (Time is in decaauts)
 A = Elapsed time spent in this place.
 B = Non-inter-level travel time spent in this place.
 C = Inter-level travel time spent in this place.
 D = Time resting spent in this place.
 E = Time spent auto-exploring this place.
 F = Levels seen in this place.
 G = Mean time per level.
                   A        B        C        D        E       F      G
               +--------+--------+--------+--------+--------+-----+--------+
         Total |   1334 |   1334 |      0 |      0 |   1150 |   2 |  667.0 |
       Dungeon |   1334 |   1334 |      0 |      0 |   1150 |   2 |  667.0 |
               +--------+--------+--------+--------+--------+-----+--------+

Top non-repeatable levels by time:
     D:1: 1319 daAuts
     D:2: 15 daAuts
